 Dungeon Crawl Stone Soup version 0.16.0-17-g811c1d7 (webtiles) character file.

2173975 theElss the Conqueror (level 27, 199/199 HPs)
             Began as a Gargoyle Berserker on Mar 21, 2015.
             Was the Champion of Trog.
             Escaped with the Orb
             ... and 4 runes on Mar 22, 2015!
             The game lasted 07:07:36 (86478 turns).

theElss the Conqueror (Gargoyle Berserker)         Turns: 86478, Time: 07:07:36

Health: 199/199    AC: 73    Str: 51    XL:     27
Magic:  46/46      EV: 26    Int: 13    God:    Trog [******]
Gold:   10660      SH: 32    Dex: 16    Spells: 0 memorised, 26 levels left

rFire  + + .     SeeInvis +     a - +9 morningstar of the Land of Plenty {speed, rF++ Int+4}
rCold  + + .     Clarity  .     f - +9 gold dragon armour
rNeg   + + +     SustAb   .     y - +2 large shield {rC+}
rPois  ∞         Gourm    .     u - +1 helmet of Agnosticism {+Fly rF- rN+ Regen+ Str+6}
rElec  +         Spirit   .     P - +4 dragonskin cloak
rCorr  .         Warding  .     j - +2 pair of fencer's gloves {EV+3 Dex+6 Slay+2}
rMut   +         Stasis   .     V - +2 pair of boots of Disguise {Str+7}
MR     +++..                    r - amulet of resist mutation
Stlth  ..........               T - ring "Gracs" {AC+2 Str+6}
                                E - ring of Hobbuc {rN+ MR+ MP+9 Str+2 SInv Stlth-}

@: flying, studying Maces & Flails, extremely resistant to hostile enchantments,
extremely unstealthy
A: able to fly continuously, big wings, talons 1, dopey 1, negative energy
resistance 1, electricity resistance, slow healing 1, unbreathing, petrification
resistance, rot immunity, AC +20
a: Stop Flying, Burn Spellbooks, Berserk, Trog's Hand, Brothers in Arms,
Renounce Religion
0: Orb of Zot
}: 4/15 runes: barnacled, slimy, silver, gossamer


You escaped.
You worshipped Trog.
Trog was exalted by your worship.
You were not hungry.

You visited 13 branches of the dungeon, and saw 66 of its levels.
You also visited: Trove, Ice Cave and Wizlab.

You collected 11907 gold pieces.
You spent 1247 gold pieces at shops.

Inventory:

Hand weapons
 a - the +9 morningstar of the Land of Plenty (weapon) {speed, rF++ Int+4}
   (Trog gifted it to you on level 5 of the Shoals)

   Attacks with this weapon are significantly faster.
   It affects your intelligence (+4).
   It greatly protects you from fire.
 b - the +9 mace "Xugolofu" {flame, rC+}
   (Trog gifted it to you on level 5 of the Spider Nest)

   It has been specially enchanted to burn those struck by it, causing extra
   injury to most foes and up to half again as much damage against particularly
   susceptible opponents.
   It protects you from cold.
Armour
 f - a +9 gold dragon armour (worn)
 j - the +2 pair of fencer's gloves (worn) {EV+3 Dex+6 Slay+2}
   (You found it on level 5 of the Vaults)

   It affects your evasion (+3).
   It affects your dexterity (+6).
   It affects your accuracy and damage with ranged weapons and melee attacks
   (+2).
 u - the +1 helmet of Agnosticism (worn) {+Fly rF- rN+ Regen+ Str+6}
   (You acquired it on level 2 of the Lair of Beasts)

   It affects your strength (+6).
   It makes you vulnerable to fire.
   It protects you from negative energy.
   It lets you fly.
   It increases your rate of regeneration.
 y - a +2 large shield of cold resistance (worn)
 P - the +4 dragonskin cloak (worn)
   (You took it off Tiamat on level 3 of the Realm of Zot)
 V - the +2 pair of boots of Disguise (worn) {Str+7}
   (You found it on level 3 of the Depths)

   It affects your strength (+7).
Jewellery
 g - an uncursed amulet of resist corrosion
 r - an amulet of resist mutation (around neck)
 z - an uncursed amulet of clarity
 E - the ring of Hobbuc (left hand) {rN+ MR+ MP+9 Str+2 SInv Stlth-}
   (You found it on level 4 of the Depths)

   [ring of positive energy]

   It affects your strength (+2).
   It protects you from negative energy.
   It affects your resistance to hostile enchantments.
   It affects your magic capacity (+9).
   It enhances your eyesight.
   It makes you less stealthy.
 S - an uncursed amulet of warding
 T - the ring "Gracs" (right hand) {AC+2 Str+6}
   (You found it on level 10 of the Dungeon)

   [ring of protection]

   It affects your AC (+2).
   It affects your strength (+6).
Magical devices
 i - a wand of heal wounds (3)
 s - a wand of confusion (23)
 I - a wand of teleportation (2)
 Q - a wand of digging (7)
Scrolls
 e - 14 scrolls of fog
 l - 11 scrolls of magic mapping
 p - 6 scrolls of summoning
 B - 42 scrolls of identify
 F - 33 scrolls of teleportation
 J - 21 scrolls of remove curse
 L - 9 scrolls of fear
 O - 5 scrolls of holy word
 W - 15 scrolls of blinking
Potions
 q - 6 potions of haste
 t - 13 potions of restore abilities
 H - 23 potions of curing
 K - 9 potions of heal wounds
 U - 9 potions of resistance
 Z - 2 potions of cancellation
Books
 A - a manual of Maces & Flails
Miscellaneous
 d - the horn of Geryon
 m - a lamp of fire
 n - a lamp of fire
 o - a phial of floods
 v - 2 phantom mirrors
 w - a lamp of fire
 x - a lamp of fire
 C - a phial of floods
 D - a phial of floods
 G - a stone of tremors
 N - a stone of tremors
 R - a phial of floods
Comestibles
 c - 6 bread rations
 h - 2 fruits
 k - 2 chunks of flesh
 M - 10 beef jerkies
 Y - 22 meat rations


   Skills:
 O Level 27 Fighting
 + Level 23.6 Maces & Flails
 + Level 23.3 Armour
 + Level 22.0 Dodging
 + Level 22.9 Shields
 - Level 12.0 Evocations


You had 26 spell levels left.
You didn't know any spells.

Dungeon Overview and Level Annotations

Branches:
Dungeon (15/15)            Temple (1/1) D:5            Lair (8/8) D:9
 Shoals (5/5) Lair:5       Spider (5/5) Lair:4        Slime (6/6) Lair:7
    Orc (4/4) D:9             Elf (3/3) Orc:3        Vaults (5/5) D:13
  Crypt (3/3) Vaults:3       Tomb (0/3) Crypt:3      Depths (5/5) D:15
   Hell (1/1)                 Dis (0/7) Hell            Geh (0/7) Hell
    Coc (0/7) Hell            Tar (0/7) Hell            Zot (5/5) Depths:5

Altars:
Ashenzari
Cheibriados
Dithmenos
Elyvilon
Fedhas
Gozag
Kikubaaqudgha
Makhleb
Nemelex Xobeh
Okawaru
Qazlal
Ru
Sif Muna
Trog
Vehumet
Xom
Yredelemnul
Zin
The Shining One
Beogh
Jiyva

Shops:
D:5 :   D:7 :   D:15 !   Orc:2 !   Orc:4 [*((*}**   Vaults:1 [(   Depths:1 ?
Depths:5 }}(

Portals:
Hell: Depths:1 Depths:2 Depths:3 Depths:4 Depths:5
Abyss: Depths:4
Pandemonium: Orc:4 Depths:1 Depths:3 Depths:4
Ziggurat: Depths:3


Innate Abilities, Weirdness & Mutations

You are resistant to torment.
You are immune to poison.
You can fly continuously.
Your stone body is very resilient (AC +20).
Your wings are large and strong.
You resist negative energy.
You are resistant to electric shocks.
You can survive without breathing.
You are immune to petrification.
You are immune to rotting.
You have sharp toenails.
You are dopey. (Int -2)
You heal slowly when monsters are visible.


Message History

The red devil hops backward while attacking.
You block the red devil's attack.
You crush the blue devil like a grape!!!!!
You kill the blue devil!
Trog accepts your kill. You block the red devil's attack.
You block the red devil's attack.
You impale the red devil!!!
You kill the red devil!
Trog accepts your kill.
You see here a demon trident.
(D) Dungeon (T) Temple (L) Lair (A) Shoals (N) Spider Nest (M) Slime Pits (O) Orcish Mines (E) Elven Halls (V) Vaults (C) Crypt (W) Tomb (U) Depths (H) Hell (I) Dis (G) Gehenna (X) Cocytus (Y) Tartarus (Z) Zot
Where to? (* - list waypoints, Enter - D:1 @ (x,y), ? - help)
There is an open door here.
There is a staircase leading out of the dungeon here.
You have escaped!

#######.....######
#............##
#######..##...#
#...)'...##>#.####
#....#..###.......
######..'.#.##.###
#####..####.##..##
#..##..'..#.###...
#@.##..#..#.#...##
#..'...#..#...#...
####..##..#.######
####..######.#
#..........#.#
#..........#.#
#..........#.#
#..........#.######
#########..........


There were no monsters in sight!

Vanquished Creatures
  the royal jelly (Slime:6)
  Tiamat (Zot:3)
  10 orbs of fire
  9 ancient liches
  Boris (Depths:4)
  Norris (Elf:2)
  Saint Roka (Vaults:4)
  3 caustic shrikes
  3 Killer Klowns (Zot:5)
  Mara (Spider:5)
  Geryon (Hell)
  12 golden dragons
  Frederick (Vaults:4)
  A bone dragon (Crypt:3)
  Arachne (Spider:2)
  5 electric golems
  Nikola (Spider:5)
  A Hellbinder (WizLab)
  A shard shrike zombie (Crypt:2)
  22 tentacled monstrosities
  27 Orb Guardians
  A Hell Sentinel (D:10)
  12 liches
  3 deep elf blademasters
  5 titans (Vaults:5)
  A quicksilver dragon (Vaults:4)
  The ghost of Rayvis the Severer, a mighty MiFi of Makhleb (Elf:3)
  An eldritch tentacle (Zot:5)
  2 deep elf master archers (Elf:3)
  Murray (Hell)
  4 pandemonium lords
  3 krakens
  2 ancient champions
  6 sphinxes
  23 acid blobs
  An octopode crusher (Depths:1)
  16 shadow dragons
  Rupert (Elf:3)
  Agnes (Spider:2)
  Kirke (Elf:2)
  An Executioner (Elf:3)
  Frances (Elf:3)
  4 tengu reavers
  Roxanne (Elf:2)
  7 storm dragons
  7 draconian monks
  Ilsuiw (Shoals:5)
  8 fire giants
  3 revenants
  8 azure jellies
  5 ghost moths
  An orc warlord (Vaults:1)
  Donald (Crypt:2)
  16 frost giants
  Wiglaf (Spider:2)
  Maud (Lair:3)
  2 iron dragons
  The ghost of inmateoo the Basher, a powerful DrTm of Zin (Spider:1)
  7 deep elf sorcerers
  Louise (Elf:2)
  5 draconian scorchers
  9 draconian knights
  8 draconian zealots
  2 curse skulls
  9 emperor scorpions
  2 cacodemons
  20 vault wardens
  2 ghouls (Crypt:1)
  A balrug (WizLab)
  10 war gargoyles
  10 very ugly things
  Jorgrun (Depths:5)
  9 draconian annihilators
  15 ironheart preservers
  6 spriggan defenders
  12 draconian shifters
  6 reapers
  3 salamander firebrands (Hell)
  10 deep elf demonologists
  3 draconian callers
  A vampire knight (Crypt:3)
  16 green draconians
  21 stone giants
  7 black draconians
  8 yellow draconians
  7 deep elf annihilators
  10 grey draconians
  9 white draconians
  A lorocyproca (Elf:3)
  A dire elephant (shapeshifter) (Vaults:5)
  2 dire elephants
  10 red draconians
  7 mottled draconians
  10 purple draconians
  10 pale draconians
  An eidolon (Crypt:1)
  5 merfolk javelineers
  3 jiangshi
  4 crystal guardians
  Snorg (Orc:1)
  42 vault guards
  12 ettins
  7 deep elf death magi
  16 yaktaur captains
  10 merfolk impalers
  24 ogre magi
  2 minotaurs (Depths:5)
  8 death cobs
  8 deep elf high priests
  7 death oozes
  21 fire dragons
  A kraken zombie (Hell)
  17 great orbs of eyes
  Fannar (Lair:5)
  A blizzard demon (Hell)
  17 ice dragons
  4 hydras
  3 spriggan air magi
  A rakshasa (Vaults:1)
  2 monstrous demonspawn
  3 hell beasts (WizLab)
  Erica (Depths:4)
  2 alligator snapping turtles
  19 dancing weapons
  5 merfolk aquamancers (Shoals:5)
  3 merfolk avatars
  2 satyrs (Shoals:5)
  21 death yaks
  3 catoblepae
  3 death knights
  8 centaur warriors
  13 deep troll shamans
  4 deep troll earth magi
  7 orc high priests
  5 tengu warriors
  3 vampire magi
  The ghost of ZiggyStardust the Placeless Vine, a powerful VSWr of Ru (Lair:2)
  Urug (D:12)
  3 spriggans
  5 spriggan berserkers
  4 sun demons
  A storm dragon zombie (Hell)
  3 iron golems (Hell)
  24 deep elf knights
  4 fire crabs
  3 iron trolls
  6 soul eaters
  44 skeletal warriors
  11 hell knights
  8 shadow wraiths
  3 unseen horrors
  A ghost moth zombie (Crypt:3)
  7 ice devils
  A cherub (D:14)
  12 sea snakes
  2 gelid demonspawn
  10 deep elf summoners
  18 ironbrand convokers
  6 flayed ghosts
  3 harpies (shapeshifter)
  2 giant orange brains
  4 ice statues
  17 orc knights
  An infernal demonspawn (Orc:4)
  An obsidian statue (Elf:2)
  A shadow dragon zombie (Hell)
  A tengu zombie (Vaults:3)
  2 anaconda skeletons (Crypt:3)
  39 ugly things
  6 hill giants
  12 deep elf conjurers
  10 orc sorcerers
  3 necromancers
  10 orb spiders
  A lindwurm (Lair:8)
  35 harpies
  14 manticores
  20 deep trolls
  6 wizards
  3 lindwurms (shapeshifter)
  A small abomination (D:15)
  19 griffons
  7 phantasmal warriors
  27 wolf spiders
  14 cyclopes
  A cyclops (shapeshifter) (Depths:1)
  2 frost giant zombies
  A stone giant zombie (Hell)
  29 moths of wrath
  A salamander (shapeshifter) (D:14)
  A draconian zombie (Zot:1)
  A draconian (shapeshifter) (Vaults:1)
  A faun (Shoals:2)
  8 hornets
  2 sixfirhies (Orc:4)
  An oklob plant (Lair:8)
  An iron dragon skeleton (Crypt:3)
  3 centaur zombies
  11 water nymphs
  A sphinx skeleton (Crypt:2)
  8 shining eyes
  A hornet (shapeshifter) (D:14)
  An octopode (shapeshifter) (Vaults:4)
  A moth of wrath (shapeshifter) (Vaults:5)
  A black mamba (shapeshifter) (Vaults:2)
  11 elephants (Lair:8)
  3 black mambas
  11 sirens
  A drowned soul (Shoals:4)
  A fire giant skeleton (Hell)
  2 efreet
  2 torpor snails
  8 smoke demons
  12 rust devils
  A hellion (Depths:4)
  A dire elephant skeleton (Crypt:3)
  15 spiny frogs
  8 gargoyles
  6 eyes of devastation
  3 green draconian zombies
  19 vault sentinels
  6 komodo dragons
  5 orange demons
  A spiny frog (shapeshifter) (Vaults:1)
  A kobold demonologist (Vaults:3)
  12 freezing wraiths
  13 demonic crawlers
  41 yaktaurs
  A death yak skeleton (Crypt:2)
  A fire drake (Lair:5)
  13 red devils
  3 guardian mummies
  A death drake zombie (Crypt:2)
  A yellow draconian skeleton (Crypt:2)
  6 hellwings
  21 two-headed ogres
  A troll (shapeshifter) (Elf:2)
  38 merfolk
  10 deep elf priests
  A sea snake skeleton (Crypt:1)
  26 polar bears
  A two-headed ogre (shapeshifter) (Depths:3)
  A yaktaur (shapeshifter) (Vaults:1)
  17 jumping spiders
  16 snapping turtles
  An ushabti (Crypt:3)
  10 trolls
  A wolf spider simulacrum (Crypt:1)
  3 hydra zombies
  A bog body (Crypt:1)
  Prince Ribbit (D:6)
  A human simulacrum (Vaults:2)
  3 hydra skeletons
  35 blink frogs
  6 blue devils
  5 boulder beetles
  107 slime creatures
  An alligator zombie (Crypt:1)
  12 ravens
  6 air elementals (Depths:4)
  A baby alligator (shapeshifter) (Depths:5)
  5 basilisks
  An alligator skeleton (Hell)
  11 flying skulls
  8 shadows
  19 water elementals
  12 wraiths
  A black mamba zombie (Hell)
  2 yaks (shapeshifter)
  3 wyverns
  A fire dragon skeleton (Crypt:3)
  A trapdoor spider (shapeshifter) (Vaults:1)
  An ice dragon skeleton (Crypt:3)
  A neqoxec (Orc:4)
  52 redbacks
  23 trapdoor spiders
  2 basilisks (shapeshifter)
  An ettin skeleton (Crypt:3)
  34 deep elf magi
  A ynoxinul (WizLab)
  A fire bat (shapeshifter) (Vaults:1)
  4 vampires
  23 tarantellas
  A hippogriff (shapeshifter) (Elf:3)
  5 fire elementals (Hell)
  A chaos spawn (Elf:3)
  A steam dragon (D:12)
  38 deep elf fighters
  3 hungry ghosts
  3 golden eyes (Slime:1)
  A redback simulacrum (Vaults:3)
  6 hippogriffs
  14 vampire mosquitoes
  57 yaks
  6 wargs
  5 mottled dragons
  A soldier ant (D:10)
  9 porcupines
  A raven zombie (Crypt:2)
  24 wolves
  2 spiny frog zombies
  15 water moccasins
  A spiny frog skeleton (Hell)
  62 orc warriors
  8 ice beasts
  A merfolk skeleton (Crypt:1)
  5 hell hounds (Hell)
  4 eyes of draining
  46 spiders
  2 necrophages (D:7)
  7 phantoms
  5 wasps
  A swamp dragon zombie (Hell)
  3 sky beasts
  6 black bears
  9 boggarts
  26 centaurs
  A snapping turtle skeleton (Hell)
  51 ogres
  A boggart (shapeshifter) (Vaults:2)
  A boring beetle (Lair:7)
  7 human zombies
  Sigmund (D:2)
  A boring beetle (shapeshifter) (Vaults:4)
  A vine stalker zombie (Crypt:1)
  A wyvern zombie (D:14)
  11 crocodiles
  Blork the orc (D:6)
  A water moccasin zombie (Crypt:2)
  2 earth elementals (Depths:4)
  A deep troll simulacrum (Vaults:3)
  13 giant frogs
  A glowing shapeshifter simulacrum (Vaults:3)
  A spider zombie (Crypt:1)
  A big kobold (D:8)
  9 scorpions
  A water moccasin skeleton (Crypt:1)
  A yak zombie (Crypt:2)
  A yak skeleton (Crypt:1)
  11 killer bees
  15 crimson imps
  11 electric eels
  A troll skeleton (Crypt:1)
  13 hounds
  A goliath beetle (D:6)
  31 wights
  A wasp zombie (D:13)
  32 jellies
  41 orc priests
  4 centaur skeletons
  A giant frog zombie (D:5)
  A quasit (D:8)
  3 giant frog skeletons
  11 iguanas
  36 orc wizards
  10 worker ants
  A human skeleton (Crypt:1)
  28 sheep
  2 killer bee zombies
  Ijyb (D:6)
  2 crocodile skeletons (Crypt:1)
  Terence (D:2)
  2 hound skeletons
  11 mummies
  2 worker ant zombies (D:10)
  12 white imps (D:14)
  21 adders
  2 giant mites
  2 gnolls
  52 river rats
  3 shadow imps
  2 giant eyeballs (Depths:5)
  6 worms
  2 adder skeletons
  An adder zombie (D:6)
  An iguana skeleton (Crypt:1)
  7 giant geckos
  2 oozes
  250 orcs
  15 bats
  5 giant cockroaches
  20 hobgoblins
  25 jackals
  4 ball pythons
  5 giant newts
  A giant spore (D:13)
  A gnoll skeleton (Crypt:2)
  23 goblins
  27 kobolds
  13 quokkas
  A quokka skeleton (D:7)
  21 rats
  7 ballistomycetes
  A bush (D:1)
  14 tentacles
3411 creatures vanquished.

Vanquished Creatures (collateral kills)
  A deep elf high priest (Vaults:4)
  A large abomination (Vaults:4)
2 creatures vanquished.

Vanquished Creatures (others)
  An ironheart preserver (Vaults:1)
  A fire dragon (Zot:3)
  A hydra (Lair:8)
  2 deep elf knights (Elf:1)
  A manticore (Shoals:5)
  11 drowned souls
  A torpor snail (Depths:3)
  A raven (shapeshifter) (Vaults:4)
  2 tarantellas (Spider:5)
  4 humans (Elf:2)
  A wolf (IceCv)
  3 ogres (Vaults:5)
  12 lost souls
  5 orcs
  A bat (D:6)
  2 giant spores
  A ballistomycete (D:13)
  A crawling corpse (Vaults:5)
  18 eldritch tentacle segments (Zot:5)
  2 fungi (Lair:8)
  8 plants
  11 tentacles
  838 tentacle segments
928 creatures vanquished.

Grand Total: 4341 creatures vanquished

Notes
Turn   | Place    | Note
--------------------------------------------------------------
     0 | D:1      | theElss, the Gargoyle Berserker, began the quest for the Orb.
     0 | D:1      | Reached XP level 1. HP: 14/14 MP: 1/1
   326 | D:1      | Reached XP level 2. HP: 17/19 MP: 2/2
   874 | D:1      | Reached skill level 4 in Fighting
   874 | D:1      | Reached XP level 3. HP: 24/24 MP: 3/3
   956 | D:1      | Acquired Trog's second power
  1432 | D:2      | Found a shattered altar of Ashenzari.
  1711 | D:2      | Found an iron altar of Okawaru.
  1837 | D:2      | Noticed Terence
  1844 | D:2      | Noticed Sigmund
  1845 | D:2      | Killed Terence
  1845 | D:2      | Reached XP level 4. HP: 29/29 MP: 4/4
  1974 | D:2      | Killed Sigmund
  1974 | D:2      | Reached XP level 5. HP: 34/34 MP: 5/5
  2026 | D:2      | Found a radiant altar of Vehumet.
  2917 | D:4      | Noticed a phantom
  2933 | D:4      | Killed a phantom
  2933 | D:4      | Reached XP level 6. HP: 40/40 MP: 6/6
  2938 | D:4      | Reached skill level 5 in Fighting
  3268 | D:4      | Acquired Trog's third power
  3700 | D:5      | Entered Level 5 of the Dungeon
  3719 | D:5      | Found Igiubao's Book Shoppe.
  3910 | D:5      | Found a staircase to the Ecumenical Temple.
  3946 | D:5      | Reached XP level 7. HP: 37/44 MP: 7/7
  3949 | D:5      | Reached skill level 5 in Maces & Flails
  4220 | D:5      | Noticed a water moccasin
  4236 | D:5      | Killed a water moccasin
  4236 | D:5      | Reached XP level 8. HP: 24/51 MP: 8/8
  4237 | D:5      | Reached skill level 6 in Maces & Flails
  4542 | D:5      | Found a bloodstained altar of Trog.
  4547 | D:5      | Got a bloodstained trident
  4573 | D:5      | Identified the +8 trident of Valiance {freeze, Str+4 Dex+2} (You found it on level 5 of the Dungeon)
  4859 | D:6      | Received a gift from Trog
  5065 | D:6      | Noticed Prince Ribbit
  5262 | Temple   | Entered the Ecumenical Temple
  5441 | D:6      | Found a sacrificial altar of Ru.
  5526 | D:6      | Killed Prince Ribbit
  5526 | D:6      | Reached skill level 7 in Maces & Flails
  5526 | D:6      | Reached skill level 5 in Armour
  5662 | D:6      | Noticed Ijyb
  5676 | D:6      | Killed Ijyb
  5745 | D:6      | Found a snail-covered altar of Cheibriados.
  5753 | D:6      | Reached XP level 9. HP: 51/56 MP: 9/9
  5928 | D:6      | Noticed Blork the orc
  5939 | D:6      | Killed Blork the orc
  5947 | D:6      | Reached skill level 5 in Dodging
  6022 | D:6      | Found a snail-covered altar of Cheibriados.
  6040 | D:6      | Reached skill level 8 in Maces & Flails
  6298 | D:7      | Found a glowing silver altar of Zin.
  6376 | D:7      | Found Strephue's Book Shop.
  6416 | D:7      | HP: 1/57 [orc warrior/halberd (9)]
  7346 | D:7      | Found a blossoming altar of Fedhas.
  7383 | D:7      | Reached skill level 9 in Maces & Flails
  7396 | D:7      | Reached XP level 10. HP: 54/64 MP: 10/10
  7925 | D:8      | Found an ancient bone altar of Kikubaaqudgha.
  8257 | D:8      | Found a stormy altar of Qazlal.
  8307 | D:8      | Received a gift from Trog
  8700 | D:9      | Reached skill level 10 in Maces & Flails
  8702 | D:9      | Received a gift from Trog
  8709 | D:9      | Got a brightly glowing great mace {god gift}
  8716 | D:9      | Identified the -2 great mace "Deitz" {venom, rN+} (Trog gifted it to you on level 9 of the Dungeon)
  8890 | D:9      | Reached XP level 11. HP: 60/69 MP: 11/11
  8897 | D:9      | Found a shadowy altar of Dithmenos.
  9154 | D:9      | Found a staircase to the Orcish Mines.
  9245 | D:9      | Found a staircase to the Lair.
  9263 | D:9      | Found a shimmering altar of Xom.
  9507 | D:9      | Reached skill level 11 in Maces & Flails
  9802 | Lair:1   | Entered Level 1 of the Lair of Beasts
  9958 | Lair:1   | Got a spiked buckler
  9964 | Lair:1   | Identified the +3 buckler of the Exiled Ships {SInv} (You found it on level 1 of the Lair of Beasts)
 10263 | Lair:1   | Reached skill level 1 in Shields
 11191 | Lair:2   | Received a gift from Trog
 11251 | Lair:2   | Noticed ZiggyStardust's ghost (powerful VSWr)
 11500 | Lair:2   | Killed ZiggyStardust's ghost
 11500 | Lair:2   | Reached XP level 12. HP: 77/77 MP: 12/12
 11957 | Lair:2   | Got a faintly glowing long sword
 11966 | Lair:2   | Received a gift from Trog
 11966 | Lair:2   | Reached skill level 12 in Maces & Flails
 11984 | Lair:2   | Identified the +8 long sword of Destruction {pain, rPois MP+9 Stlth+} (You found it on level 2 of the Lair of Beasts)
 12143 | Lair:2   | Reached skill level 5 in Shields
 12148 | Lair:2   | Reached skill level 10 in Fighting
 12627 | Lair:3   | Noticed a five-headed hydra
 12633 | Lair:3   | Killed a five-headed hydra
 12819 | Lair:3   | Noticed Maud
 12831 | Lair:3   | Killed Maud
 12976 | Lair:3   | Received a gift from Trog
 13533 | Lair:4   | Reached skill level 10 in Armour
 13601 | Lair:4   | Found a hole to the Spider Nest.
 14104 | Lair:5   | Noticed Fannar
 14122 | Lair:5   | Killed Fannar
 14122 | Lair:5   | Reached XP level 13. HP: 83/83 MP: 4/13
 14287 | Lair:5   | Reached skill level 13 in Maces & Flails
 14384 | Lair:5   | Found a staircase to the Shoals.
 16133 | Lair:7   | Received a gift from Trog
 16257 | Lair:7   | Found a viscous altar of Jiyva.
 16257 | Lair:7   | Found a staircase to the Slime Pits.
 17132 | Lair:8   | Entered Level 8 of the Lair of Beasts
 17692 | Lair:8   | Received a gift from Trog
 17743 | Lair:8   | Gained mutation: Your wings are large and strong. [gargoyle growth]
 17743 | Lair:8   | Reached XP level 14. HP: 86/90 MP: 4/14
 17807 | Lair:8   | Reached skill level 14 in Maces & Flails
 17807 | Lair:8   | Reached skill level 10 in Shields
 18116 | Lair:8   | Found a staircase to the Slime Pits.
 18604 | Lair:8   | Received a gift from Trog
 19259 | Orc:1    | Entered Level 1 of the Orcish Mines
 19725 | Orc:1    | Noticed Snorg
 19741 | Orc:1    | Killed Snorg
 20190 | Orc:2    | Received a gift from Trog
 20469 | Orc:2    | Found Heumm's Distillery.
 20472 | Orc:2    | Bought a potion of agility for 48 gold pieces
 20472 | Orc:2    | Bought a potion of invisibility for 96 gold pieces
 20472 | Orc:2    | Bought a potion of haste for 120 gold pieces
 20472 | Orc:2    | Bought a potion of might for 48 gold pieces
 20472 | Orc:2    | Bought 2 potions of flight for 72 gold pieces
 20682 | Orc:2    | Found a burning altar of Makhleb.
 21129 | Orc:3    | Received a gift from Trog
 21130 | Orc:3    | Got a brightly glowing hand crossbow {god gift}
 21431 | Orc:3    | Found a staircase to the Elven Halls.
 21709 | Orc:4    | Entered Level 4 of the Orcish Mines
 21709 | Orc:4    | Found Schiar's Assorted Antiques.
 21890 | Orc:3    | Received a gift from Trog
 22089 | Orc:4    | Found Bityop's Antique Weapon Shoppe.
 22202 | Orc:4    | Found a roughly hewn altar of Beogh.
 22211 | Orc:4    | Found Ontix's Antique Armour Boutique.
 22255 | Orc:4    | Bought a glowing plate armour for 598 gold pieces
 22255 | Orc:4    | Bought a pair of gloves for 117 gold pieces
 22313 | Orc:4    | Found Ebuisop's General Store.
 22321 | Orc:4    | Bought a potion of magic for 112 gold pieces
 22447 | Orc:4    | Found Kha Muet's General Store.
 22464 | Orc:4    | Received a gift from Trog
 22470 | Orc:4    | Found Ghoakla's General Store.
 23486 | Orc:4    | Reached XP level 15. HP: 97/97 MP: 5/15
 23632 | Orc:4    | Received a gift from Trog
 23633 | Orc:4    | Found Troevopt's Antique Weapon Boutique.
 23633 | Orc:4    | Found Veaheh's Gadget Shop.
 23633 | Orc:4    | Found a one-way gate leading to the halls of Pandemonium.
 23793 | D:10     | Entered Level 10 of the Dungeon
 23816 | D:10     | Got an ancient bronze ring
 23818 | D:10     | Identified the ring "Gracs" {AC+2 Str+6} (You found it on level 10 of the Dungeon)
 23969 | D:10     | Reached skill level 15 in Maces & Flails
 24964 | D:11     | Received a gift from Trog
 25487 | D:12     | Noticed Urug
 25496 | D:12     | Killed Urug
 25639 | D:12     | Received a gift from Trog
 25645 | D:12     | Identified the +4 hand crossbow of the Spinneret {velocity, rC+} (Trog gifted it to you on level 3 of the Orcish Mines)
 25845 | D:12     | Found a portal to a secret trove of treasure.
 26260 | D:13     | Reached skill level 10 in Dodging
 26367 | D:13     | Found a gate to the Vaults.
 26973 | D:13     | Received a gift from Trog
 27285 | D:14     | Found a frozen archway.
 27349 | IceCv    | Entered an ice cave
 27487 | IceCv    | Reached XP level 16. HP: 102/106 MP: 5/16
 27676 | IceCv    | Noticed a frost giant
 27709 | IceCv    | Killed a frost giant
 27752 | IceCv    | Received a gift from Trog
 28112 | IceCv    | Got a pitted glaive
 28856 | D:15     | Entered Level 15 of the Dungeon
 29242 | D:15     | Received a gift from Trog
 29285 | D:15     | Found Khank's Distillery.
 29293 | D:15     | Bought a potion of curing for 36 gold pieces
 29337 | D:15     | Found a runed door.
 29508 | D:15     | Reached skill level 16 in Maces & Flails
 29633 | D:15     | Found a staircase to the Depths.
 29775 | D:15     | Found a blossoming altar of Fedhas.
 30494 | Spider:1 | Entered Level 1 of the Spider Nest
 30816 | Spider:1 | Noticed inmateoo's ghost (powerful DrTm)
 30833 | Spider:2 | Received a gift from Trog
 30939 | Spider:1 | Killed inmateoo's ghost
 31252 | Spider:1 | Reached XP level 17. HP: 112/112 MP: 5/17
 32221 | Spider:2 | Received a gift from Trog
 33051 | Spider:3 | Noticed Arachne
 33070 | Spider:3 | Noticed Agnes
 33071 | Spider:3 | Noticed Wiglaf
 33097 | Spider:2 | Killed Arachne
 33154 | Spider:2 | Killed Agnes
 33183 | Spider:2 | Killed Wiglaf
 34047 | Spider:4 | Received a gift from Trog
 34153 | Spider:4 | Reached skill level 15 in Dodging
 34463 | Spider:5 | Entered Level 5 of the Spider Nest
 34828 | Spider:5 | Noticed Mara
 35381 | Spider:5 | Noticed theElss' illusion
 35513 | Spider:5 | Noticed theElss' illusion
 35779 | Spider:5 | Killed Mara
 36122 | Spider:5 | Noticed Nikola
 36144 | Spider:5 | Killed Nikola
 36144 | Spider:5 | Reached XP level 18. HP: 110/117 MP: 6/18
 36309 | Spider:5 | Received a gift from Trog
 36343 | Spider:5 | Got a twisted mace {god gift}
 36344 | Spider:5 | Identified the +9 mace "Xugolofu" {flame, rC+} (Trog gifted it to you on level 5 of the Spider Nest)
 36459 | Spider:5 | Got a gossamer rune of Zot
 36983 | Shoals:1 | Entered Level 1 of the Shoals
 38161 | Shoals:2 | Received a gift from Trog
 38225 | Shoals:2 | Found a runed door.
 38306 | Shoals:2 | Reached skill level 15 in Fighting
 39798 | Shoals:4 | Received a gift from Trog
 40082 | Lair:2   | Identified a scroll of acquirement
 40087 | Lair:2   | Got a pair of steaming boots
 40098 | Lair:2   | Identified the +2 pair of boots of Syurch {rPois Dex+5} (You acquired it on level 2 of the Lair of Beasts)
 40608 | Shoals:4 | Reached XP level 19. HP: 113/124 MP: 18/18
 41299 | Shoals:5 | Entered Level 5 of the Shoals
 41477 | Shoals:5 | Got a barnacled rune of Zot
 41576 | Shoals:5 | Received a gift from Trog
 41584 | Shoals:5 | Reached skill level 17 in Dodging
 41611 | Shoals:5 | Got a pitted morningstar {god gift}
 41614 | Shoals:5 | Identified the +9 morningstar of the Land of Plenty {speed, rF++ Int+4} (Trog gifted it to you on level 5 of the Shoals)
 41844 | Shoals:5 | Noticed Ilsuiw
 41866 | Shoals:5 | Killed Ilsuiw
 41980 | Shoals:5 | Got a crude blowgun
 42182 | Shoals:5 | Received a gift from Trog
 42534 | Shoals:5 | Received a gift from Trog
 42982 | Lair:2   | Identified the +9 blowgun of Khaliul {evade, Str+4 Int+6} (You took it off a siren on level 5 of the Shoals)
 43172 | Vaults:1 | Entered Level 1 of the Vaults
 43286 | Vaults:1 | Received a gift from Trog
 43516 | Vaults:1 | Reached skill level 15 in Armour
 43684 | Vaults:1 | Received a gift from Trog
 43697 | Vaults:1 | Got a scorched morningstar {god gift}
 43703 | Vaults:1 | Identified the +6 morningstar of Tyimykle {antimagic, Noisy rElec MR+ Str+5} (Trog gifted it to you on level 1 of the Vaults)
 43857 | Vaults:1 | Reached XP level 20. HP: 97/131 MP: 19/19
 43983 | Vaults:1 | Reached skill level 1 in Evocations
 43992 | Vaults:1 | Found Rosoiv's Weapon Boutique.
 44239 | Vaults:1 | Reached skill level 5 in Evocations
 44329 | Vaults:1 | Received a gift from Trog
 44538 | Vaults:1 | Found Puhum's Armour Shoppe.
 44945 | Vaults:2 | Received a gift from Trog
 44992 | Vaults:2 | Paralysed by a great orb of eyes for 3 turns
 45037 | Vaults:2 | Reached skill level 10 in Evocations
 45373 | Vaults:2 | Received a gift from Trog
 46187 | Vaults:3 | Received a gift from Trog
 46863 | Vaults:3 | Reached XP level 21. HP: 116/136 MP: 34/34
 46980 | Vaults:3 | Found a staircase to the Crypt.
 48237 | Vaults:4 | Noticed Frederick
 48250 | Vaults:4 | Killed Frederick
 48264 | Vaults:4 | Received a gift from Trog
 48714 | Vaults:4 | Received a gift from Trog
 48900 | Vaults:4 | Noticed Saint Roka
 49360 | Vaults:4 | Killed Saint Roka
 49896 | Vaults:4 | Reached skill level 15 in Shields
 50473 | Elf:1    | Entered Level 1 of the Elven Halls
 50617 | Elf:1    | Received a gift from Trog
 51172 | Elf:2    | Found a runed gate.
 51179 | Elf:2    | Found a runed gate.
 51180 | Elf:2    | Found a runed gate.
 51212 | Elf:2    | Noticed Louise
 51219 | Elf:2    | Killed Louise
 51219 | Elf:2    | Received a gift from Trog
 51298 | Elf:2    | Reached XP level 22. HP: 140/145 MP: 25/34
 51336 | Elf:2    | Noticed Norris
 51358 | Elf:2    | Killed Norris
 51360 | Elf:2    | Noticed Kirke
 51371 | Elf:2    | Killed Kirke
 51806 | Elf:2    | Noticed Roxanne
 51823 | Elf:2    | Killed Roxanne
 51825 | Elf:2    | Identified Roxanne's Reference Book on Earth (You took it off Roxanne on level 2 of the Elven Halls)
 52409 | Elf:3    | Entered Level 3 of the Elven Halls
 52422 | Elf:3    | Noticed Rayvis' ghost (mighty MiFi)
 52436 | Elf:3    | Killed Rayvis' ghost
 53076 | Elf:3    | Noticed Frances
 53083 | Elf:3    | Killed Frances
 53083 | Elf:3    | Reached skill level 18 in Fighting
 53354 | Elf:3    | Received a gift from Trog
 54051 | Elf:3    | Received a gift from Trog
 54207 | Elf:3    | Noticed Rupert
 54224 | Elf:3    | Killed Rupert
 54342 | Elf:3    | Paralysed by a deep elf demonologist for 4 turns
 54364 | Elf:3    | Identified the Incunabulum of Protection and Ignition
 54366 | Elf:3    | Identified Sif Muna's Almanac of Earthen Snow
 54473 | Elf:3    | Got a transparent blowgun
 54499 | Elf:3    | Got an ichor-stained spear
 54511 | Elf:3    | Got a translucent chain mail
 54792 | Lair:2   | Identified the +1 chain mail of Peek-a-Boo {+Blink rF+ rN+ rCorr Str-5} (You took it off Rupert on level 3 of the Elven Halls)
 54792 | Lair:2   | Identified the +0 spear "Waahil" {flame, Stlth+} (You found it on level 3 of the Elven Halls)
 54793 | Lair:2   | Identified the +1 blowgun "Goblinbane" {speed, rC++ MR+ MP+9 Str-3 SInv} (You found it on level 3 of the Elven Halls)
 55409 | Depths:1 | Entered Level 1 of the Depths
 55699 | Depths:1 | Found a gateway to Hell.
 55733 | Depths:1 | Found Psaen's Magic Scroll Emporium.
 55863 | Depths:1 | Received a gift from Trog
 55871 | Depths:1 | Got a shimmering dire flail {god gift}
 55883 | Depths:1 | Identified the +13 dire flail of Crawling {holy, rPois rF++ Str-2 SInv} (Trog gifted it to you on level 1 of the Depths)
 56056 | Depths:1 | Reached XP level 23. HP: 153/153 MP: 35/35
 56843 | Depths:2 | Reached skill level 19 in Fighting
 57212 | Depths:2 | Received a gift from Trog
 57423 | Depths:2 | Found a deep blue altar of Sif Muna.
 57483 | Depths:2 | Identified Sif Muna's Handbook of Creative Necromancy
 57503 | Depths:2 | Identified the Volume of Harmful Feathers
 57828 | Depths:3 | Noticed a caustic shrike
 57859 | Depths:3 | Killed a caustic shrike
 57979 | Depths:3 | Got a pair of pitted boots
 57990 | Depths:3 | Identified the +2 pair of boots of Disguise {Str+7} (You found it on level 3 of the Depths)
 58004 | Depths:3 | Got a crystal hand crossbow
 58018 | Depths:3 | Paralysed by a sphinx for 2 turns
 58022 | Depths:3 | Noticed a caustic shrike
 58032 | Depths:3 | Killed a caustic shrike
 58137 | Depths:3 | Found an iron altar of Okawaru.
 58194 | Depths:3 | Received a gift from Trog
 58619 | Depths:3 | Found a gateway to a ziggurat.
 59168 | Lair:2   | Identified the +0 hand crossbow of Guilt {freeze, rC- MR+ Str+2 Int+3} (You found it on level 3 of the Depths)
 59651 | Depths:4 | Reached XP level 24. HP: 157/162 MP: 36/36
 59916 | Depths:4 | Noticed Erica
 59922 | Depths:4 | Killed Erica
 60047 | Depths:4 | Reached skill level 20 in Fighting
 60420 | Depths:4 | Received a gift from Trog
 60490 | Depths:4 | Found a one-way gate to the infinite horrors of the Abyss.
 60764 | Depths:4 | Noticed Boris
 60788 | Depths:4 | Killed Boris
 60853 | Depths:4 | Noticed an ancient lich
 60867 | Depths:4 | Killed an ancient lich
 60886 | Depths:4 | Identified The Last Secrets of Spellweaving
 60889 | Depths:4 | Got a vibrating brass ring
 60896 | Depths:4 | Identified the ring of Hobbuc {rN+ MR+ MP+9 Str+2 SInv Stlth-} (You found it on level 4 of the Depths)
 61158 | Depths:5 | Entered Level 5 of the Depths
 61212 | Depths:5 | Paralysed by a giant eyeball for 2 turns
 61215 | Depths:5 | Paralysed by a giant eyeball for 2 turns
 61261 | Depths:5 | Noticed Jorgrun
 61274 | Depths:5 | Killed Jorgrun
 61292 | Depths:5 | Found Qunarilo's Antique Weapon Shop.
 61398 | Depths:5 | Received a gift from Trog
 61437 | Depths:5 | Found Tiaxzak's Gadget Emporium.
 61540 | Depths:5 | Found Moures' Gadget Emporium.
 61631 | Depths:5 | Got an ancient pewter ring
 61633 | Depths:5 | Identified the ring "Juerupn" {+/*Tele rC+ Dex-5 Stlth+} (You found it on level 5 of the Depths)
 61702 | Depths:5 | Found a gate to the Realm of Zot.
 61905 | Depths:5 | Reached skill level 21 in Fighting
 61944 | Depths:5 | Got a glittering amber ring
 61946 | Depths:5 | Identified the ring "Giarur" {+/*Tele Int+6} (You found it on level 5 of the Depths)
 62049 | Depths:5 | Got a scintillating iron ring
 62051 | Depths:5 | Identified the ring of Clucwoer {+Blink rC+ rN+ Dex+5 SInv Stlth-} (You found it on level 5 of the Depths)
 62122 | Depths:5 | Reached XP level 25. HP: 151/171 MP: 36/36
 62141 | Depths:5 | Got a coiled bone ring
 62143 | Depths:5 | Identified the ring of Zivoddij {Wiz rElec} (You found it on level 5 of the Depths)
 63017 | Depths:1 | Received a gift from Trog
 64451 | Crypt:1  | Entered Level 1 of the Crypt
 65307 | Crypt:2  | Found a magical portal.
 65326 | WizLab   | Entered The Hall of Mnidim the Hellbinder
 65576 | WizLab   | Found a burning altar of Makhleb.
 65601 | WizLab   | Identified the Grimoire of Summoning
 65658 | WizLab   | Identified Xoifuutz's Almanac of Creation
 65961 | Crypt:2  | Noticed Donald
 65970 | Crypt:2  | Killed Donald
 66141 | Crypt:2  | Identified Gyttown's Almanac of Torrid Confrontation (You found it on level 2 of the Crypt)
 66149 | Crypt:2  | Got a scorched scimitar
 66150 | Crypt:2  | Identified the +7 scimitar "Hydrabane" {venom, *Rage rF+ SInv} (You found it on level 2 of the Crypt)
 66871 | D:12     | You paid a toll of a +4 demon blade to enter a treasure trove
 66872 | Trove    | Entered a treasure trove
 66888 | Trove    | Got an ancient shield
 66892 | Trove    | Got a smoking ring mail
 66898 | Trove    | Got a pair of slimy gloves
 66900 | Trove    | Got a brightly glowing cloak
 66902 | Trove    | Got a faintly humming ring mail
 66908 | Trove    | Got a jewelled buckler
 66960 | D:12     | Identified the +4 shield of Cheibriados' Outrage {rC- MR+ Str+5 Slay-3 Stlth+} (You found it in a treasure trove)
 66980 | D:12     | Identified the +2 buckler of Trumpets {rF+ rN+ MP-9 Dex+4} (You found it in a treasure trove)
 66990 | D:12     | Identified the -2 cloak "Uchuess" {rElec rF+ Dex+2 Slay+3} (You found it in a treasure trove)
 67020 | D:12     | Identified the +5 ring mail of the Pleiades {-Cast rPois MP+9 Int+2 SInv} (You found it in a treasure trove)
 67030 | D:12     | Identified the -5 pair of gloves "Gho Thoa" {rN+ MR+ Str-5 Slay+3 SInv} (You found it in a treasure trove)
 67088 | D:12     | Identified the +2 ring mail of Etsimmim {Int+3} (You found it in a treasure trove)
 67580 | Crypt:3  | Entered Level 3 of the Crypt
 67988 | Crypt:3  | Found a staircase to the Tomb.
 68594 | Crypt:3  | Found an ancient bone altar of Kikubaaqudgha.
 68595 | Crypt:3  | Noticed an ancient lich
 68608 | Crypt:3  | Killed an ancient lich
 68608 | Crypt:3  | Reached skill level 22 in Fighting
 68812 | Crypt:3  | Noticed an ancient lich
 68823 | Crypt:3  | Killed an ancient lich
 68992 | Crypt:3  | Reached XP level 26. HP: 179/179 MP: 37/37
 69449 | Vaults:5 | Entered Level 5 of the Vaults
 69532 | Vaults:4 | Received a gift from Trog
 69577 | Vaults:5 | Noticed an ancient lich
 69822 | Vaults:5 | Killed an ancient lich
 71026 | Vaults:5 | Received a gift from Trog
 71210 | Vaults:5 | Noticed an ancient lich
 71223 | Vaults:5 | Killed an ancient lich
 71329 | Vaults:5 | Got a faintly glowing flail
 71330 | Vaults:5 | Identified the +8 flail "Tedylex" {venom, rC+ rN+ Int+2} (You found it on level 5 of the Vaults)
 71343 | Vaults:5 | Reached skill level 23 in Fighting
 71369 | Vaults:5 | Identified the Incunabulum of Toxic Cold
 71618 | Vaults:5 | Identified the Almanac of Floating Combat Magic
 71657 | Vaults:5 | Reached XP level 27. HP: 188/188 MP: 37/37
 71687 | Vaults:5 | Got a silken robe
 71765 | Vaults:5 | Received a gift from Trog
 72267 | Vaults:5 | Got a silver rune of Zot
 72290 | Vaults:5 | Received a gift from Trog
 73180 | Zot:1    | Entered Level 1 of the Realm of Zot
 73199 | Zot:1    | Reached skill level 24 in Fighting
 73367 | Hell     | Entered the Vestibule of Hell
 73367 | Hell     | Noticed Murray
 73367 | Hell     | Noticed Geryon
 73380 | Hell     | Killed Murray
 73526 | Hell     | Killed Geryon
 73691 | Hell     | Found a gateway to the ashen valley of Gehenna.
 73767 | Hell     | Found a gateway to the decaying netherworld of Tartarus.
 73932 | Hell     | Found a gateway to the freezing wastes of Cocytus.
 74019 | Hell     | Found a gateway to the Iron City of Dis.
 74539 | Zot:1    | Received a gift from Trog
 75310 | Zot:2    | Reached skill level 25 in Fighting
 75435 | Zot:2    | Received a gift from Trog
 76060 | Zot:3    | Noticed an orb of fire
 76062 | Zot:3    | Gained mutation: You heal slowly when monsters are visible. [an orb of fire]
 76071 | Zot:3    | Killed an orb of fire
 76317 | Zot:3    | Noticed Tiamat
 76665 | Zot:3    | Killed Tiamat
 76712 | Zot:3    | Received a gift from Trog
 77337 | Zot:3    | Received a gift from Trog
 77413 | Zot:3    | Reached skill level 26 in Fighting
 77805 | Zot:3    | Noticed an orb of fire
 77812 | Zot:3    | Killed an orb of fire
 77894 | Zot:5    | Entered Level 5 of the Realm of Zot
 78318 | Zot:5    | Got a pair of shimmering gloves
 78332 | Zot:5    | Identified the +0 pair of gloves of Naoqiet {Str+3} (You found it on level 5 of the Realm of Zot)
 78483 | Zot:5    | Received a gift from Trog
 78517 | Zot:5    | Noticed an ancient lich
 78530 | Zot:5    | Killed an ancient lich
 78700 | Zot:5    | Noticed an orb of fire
 78701 | Zot:5    | Noticed an orb of fire
 78709 | Zot:5    | Killed an orb of fire
 78723 | Zot:5    | Killed an orb of fire
 78796 | Zot:5    | Noticed an ancient lich
 78796 | Zot:5    | Paralysed by an ancient lich for 5 turns
 78799 | Zot:5    | Noticed an orb of fire
 78803 | Zot:5    | Killed an ancient lich
 78809 | Zot:5    | Killed an orb of fire
 78995 | Zot:5    | Noticed an orb of fire
 79002 | Zot:5    | Killed an orb of fire
 79002 | Zot:5    | Reached skill level 27 in Fighting
 79006 | Zot:5    | Noticed an orb of fire
 79009 | Zot:5    | Noticed an ancient lich
 79015 | Zot:5    | Killed an ancient lich
 79023 | Zot:5    | Killed an orb of fire
 79205 | Zot:5    | Noticed an ancient lich
 79221 | Zot:5    | Noticed an orb of fire
 79221 | Zot:5    | Killed an ancient lich
 79230 | Zot:5    | Killed an orb of fire
 79254 | Zot:5    | Noticed an orb of fire
 79261 | Zot:5    | Killed an orb of fire
 79269 | Zot:5    | Noticed an orb of fire
 79275 | Zot:5    | Killed an orb of fire
 80468 | Slime:1  | Entered Level 1 of the Pits of Slime
 80526 | Slime:1  | Received a gift from Trog
 81935 | Slime:5  | Gained mutation: You are dopey. (Int -2) [a shining eye]
 82727 | Slime:5  | Received a gift from Trog
 82952 | Slime:6  | Entered Level 6 of the Pits of Slime
 83011 | Slime:6  | Gained mutation: You have sharp toenails. [a shining eye]
 83181 | Slime:6  | Noticed the royal jelly
 83212 | Slime:6  | Killed the royal jelly
 83688 | Slime:6  | Got a distressingly furry helmet
 83699 | Slime:6  | Identified the +1 helmet "Mousoerr" {+Inv Str+3 Int+4 Dex-2} (You found it on level 6 of the Pits of Slime)
 83709 | Slime:6  | Got a scorched long sword
 83759 | Slime:6  | Identified Roxeesm's Tome of Cloudy Augmentations
 83765 | Slime:6  | Got a warped dagger
 83805 | Slime:6  | Got a bone falchion
 83808 | Slime:6  | Got a dazzling ring mail
 83811 | Slime:6  | Got a steaming glaive
 84484 | Slime:6  | Got an ancient flail
 84553 | Slime:6  | Got a pitted short sword
 84570 | Slime:6  | Identified Iskenderun's Compendium of Confrontation
 84583 | Slime:6  | Got a slimy rune of Zot
 84598 | Slime:6  | Identified the cursed -1 short sword of the Revolution {flame, rF+} (You found it on level 6 of the Pits of Slime)
 84934 | Lair:2   | Identified the +7 flail of Benevolence {speed, Int+4 Dex+4 SInv} (You found it on level 6 of the Pits of Slime)
 84958 | Lair:2   | Identified the +1 ring mail of the Grue {rPois MR+ Regen+ MP+9 Str-3} (You found it on level 6 of the Pits of Slime)
 85046 | Lair:2   | Got a twisted helmet
 85057 | Lair:2   | Identified the +1 helmet of Agnosticism {+Fly rF- rN+ Regen+ Str+6} (You acquired it on level 2 of the Lair of Beasts)
 85644 | Zot:5    | Got the Orb of Zot
 85651 | Zot:5    | Noticed Strezim the pandemonium lord
 85654 | Zot:5    | Killed Strezim the pandemonium lord
 85777 | Zot:4    | Received a gift from Trog
 85865 | Zot:2    | Received a gift from Trog
 86111 | D:13     | Noticed Pseirr the pandemonium lord
 86116 | D:13     | Killed Pseirr the pandemonium lord
 86193 | D:10     | Noticed Bugept the pandemonium lord
 86196 | D:10     | Paralysed by a giant eyeball for 4 turns
 86206 | D:10     | Killed Bugept the pandemonium lord
 86442 | D:1      | Noticed Mioliwul the pandemonium lord
 86450 | D:1      | Killed Mioliwul the pandemonium lord
 86478 | D:$      | Escaped with the Orb!

Action                   |  1- 3 |  4- 6 |  7- 9 | 10-12 | 13-15 | 16-18 | 19-21 | 22-24 | 25-27 || total
-------------------------+-------+-------+-------+-------+-------+-------+-------+-------+-------++-------
Melee: Mace              |   172 |   178 |   396 |       |       |   439 |   392 |    17 |       ||  1594
       Flail             |       |       |    36 |   687 |   201 |       |       |       |       ||   924
       Morningstar       |       |       |       |    89 |  1358 |  1037 |  1089 |  1188 |  2969 ||  7730
       Unarmed           |       |       |       |       |       |       |       |    13 |     4 ||    17
       Short sword       |       |       |       |       |       |       |       |       |     6 ||     6
Invok: Berserk           |     2 |     2 |     4 |     5 |     3 |     7 |     1 |     3 |    11 ||    38
       Brothers in Arms  |       |       |       |       |       |       |       |       |     1 ||     1
 Abil: Fly               |       |       |       |       |     1 |       |       |       |       ||     1
Evoke: Wand              |       |       |       |       |       |       |       |     1 |     3 ||     4
  Use: Scroll            |       |     7 |     5 |     9 |    14 |     3 |     1 |     3 |    20 ||    62
       Potion            |       |       |       |       |       |       |       |       |     5 ||     5
 Stab: Paralysed         |       |       |     1 |       |       |       |       |       |       ||     1
       Distracted        |       |       |       |       |       |       |       |     1 |       ||     1
  Eat: Chunk             |     4 |     4 |    11 |    25 |    48 |    48 |    35 |    35 |    45 ||   255
       Fruit             |       |     2 |       |       |       |       |       |       |     1 ||     3
       Meat ration       |       |     1 |     1 |       |       |       |       |       |     8 ||    10
       Beef jerky        |       |       |       |       |       |     2 |       |     2 |     2 ||     6
       Pizza             |       |       |       |       |       |       |       |       |     2 ||     2
